 Dungeon Crawl Stone Soup version 0.28-a0-793-g31680bbd8b (webtiles) character file.

Game seed: 8786790826581847647

4332 siradein the Carver (level 10, 0/121 HPs)
             Began as a Demonspawn Berserker on Nov 4, 2021.
             Was an Elder of Trog.
             Succumbed to a killer bee's poison
             ... on level 8 of the Dungeon on Nov 5, 2021.
             The game lasted 00:29:25 (9821 turns).

siradein the Carver (Demonspawn Berserker)          Turns: 9821, Time: 00:29:25

Health: 0/121      AC:  9    Str: 20    XL:     10   Next: 12%
Magic:  0/12       EV: 12    Int:  8    God:    Trog [****..]
Gold:   282        SH:  0    Dex: 14    Spells: 9/9 levels left

rFire   . . .      SeeInvis .   u - +1 great sword (vorpal)
rCold   + . .      Faith    .   (shield currently unavailable)
rNeg    . . .      Spirit   +   i - +1 scale mail {rC+}
rPois   .          Reflect  .   (no helmet)
rElec   .          Harm     .   (no cloak)
rCorr   .          Rampage  .   (no gloves)
Will    +++..                   (boots unavailable)
Stlth   ..........              v - amulet of guardian spirit
HPRegen 1.30/turn               b - ring of willpower
MPRegen 0.13/turn               (no ring)

@: berserking, lethally poisoned (0 -> -6), strong-willed, regenerating, very
quick
A: hooves 3, rugged brown scales 1, powered by death 1
a: Renounce Religion, Berserk, Trog's Hand, Brothers in Arms


You were on level 8 of the Dungeon.
You worshipped Trog.
Trog was greatly pleased with you.
You visited 1 branch of the dungeon, and saw 8 of its levels.
You also visited: Ossuary.

You collected 422 gold pieces.
You spent 140 gold pieces at shops.

Inventory:

Hand Weapons
 j - a +2 dagger of venom
 m - a +3 falchion
 u - a +1 vorpal great sword (weapon)
Missiles
 B - 28 poisoned darts (quivered)
Armour
 i - a +1 scale mail of cold resistance (worn)
Jewellery
 b - a ring of willpower (left hand)
 v - an amulet of guardian spirit (around neck)
 z - a ring of fire
 E - an amulet of magic regeneration
Wands
 o - a wand of charming (18)
 s - a wand of mindburst (11)
 t - a wand of paralysis (10)
 A - a wand of polymorph (16)
 D - a wand of acid (6)
 F - a wand of digging (5)
Scrolls
 a - 2 scrolls of enchant weapon
 f - 3 scrolls of teleportation
 k - a scroll of silence {unknown}
 p - a scroll of fear
 r - 2 scrolls of blinking {unknown}
 y - 2 scrolls of summoning {unknown}
Potions
 c - 4 potions of flight
 d - 2 potions of berserk rage
 e - 6 potions of curing
 g - 2 potions of haste {unknown}
 h - 3 potions of might {unknown}
 l - a potion of ambrosia {unknown}
 n - a potion of degeneration {unknown}
 q - a potion of lignification {unknown}
 w - a potion of attraction {unknown}
 x - a potion of heal wounds {unknown}
 C - a potion of magic {unknown}


   Skills:
 + Level 7.3 Fighting
 * Level 8.2 Long Blades
 + Level 6.4 Armour
 + Level 6.3 Dodging
 + Level 2.9 Invocations
 + Level 2.1 Evocations


You had 9 spell levels left.
You didn't know any spells.
Your spell library was empty.

Dungeon Overview and Level Annotations

Branches:
Dungeon (8/15)             Temple (0/1) D:4            Lair (0/6) D:8
Ossuary (visited)

Altars:
Qazlal
Ru
Uskayaw
Zin
The Shining One

Shops:
D:4 *:*(   D:7 :


Innate Abilities, Weirdness & Mutations

You have hooves in place of feet.
You are partially covered in rugged brown scales. (AC +1, +3% HP)
You regenerate a little health from kills.


Message History

You are more poisoned.
The killer bee poisons you! The killer bee stings you.
You are more poisoned.
The killer bee poisons you! The killer bee closely misses you.
You miss the killer bee. Your kick misses the killer bee.
The killer bee is almost dead.
You feel very sick.
The killer bee stings you but does no damage.
The killer bee misses you. The killer bee stings you.
* * * LOW HITPOINT WARNING * * *
You miss the killer bee.
The killer bee is almost dead.
You feel very sick. The killer bee stings you.
* * * LOW HITPOINT WARNING * * *
The killer bee closely misses you.
You barely miss the killer bee.
The killer bee is almost dead.
* * * LOW HITPOINT WARNING * * *
You feel very sick.
The killer bee stings you but does no damage.
The killer bee stings you.
* * * LOW HITPOINT WARNING * * *
The killer bee stings you but does no damage.
Your skin crawls.
You feel strong-willed.
You feel sick.
The killer bee stings you but does no damage.
The killer bee stings you!
* * * LOW HITPOINT WARNING * * *
A red film seems to cover your vision as you go berserk!
You feel yourself moving faster!
You feel mighty!
You feel sick. The killer bee stings you.
* * * LOW HITPOINT WARNING * * *
You are lethally poisoned!
The killer bee poisons you!
The killer bee stings you but does no damage.
You barely miss the killer bee.
The killer bee is almost dead.
You die...

............###..........# #.#
......##........########.# #.#
......##.#)).#### #.# #.##
......##.#...###########.# #...
#####.##.................######..
#####.####...##########.......#..
.........#...# #.......#..
#####....##############.......#..
# #....# #....@y...)#.......#.. #
##....###.########)#.......### #
#..........# #)#.....^.###
####..........#######............
#.............#...............##.
#.#####......##........y.....#...
#># #.#######......y.#.#.#.#.##
### #.# #......y.....###.#.
###.#### ##...............:#.


You could see a killer bee.

Vanquished Creatures
  Pikel (D:6)
  A cyclops (D:6)
  Prince Ribbit (D:6)
  2 steam dragons
  A water moccasin (D:3)
  A black bear (D:5)
  2 orc warriors (D:7)
  An ice beast (D:6)
  A sky beast (D:7)
  2 centaurs (D:6)
  A lemure (D:6)
  A kobold brigand (D:8)
  2 bullfrogs
  A gnoll sergeant (D:6)
  8 water moccasin zombies
  2 scorpions
  A wyvern skeleton (D:7)
  4 killer bees (D:8)
  9 wights (D:8)
  2 centaur zombies
  A jelly (D:4)
  4 orc priests (D:7)
  A bullfrog zombie (D:5)
  A gnoll shaman (D:5)
  3 hounds (D:5)
  2 centaur skeletons
  An iguana (D:5)
  An orc wizard (D:6)
  A killer bee zombie (D:7)
  A hound skeleton (D:4)
  2 mummies (Ossuary)
  17 gnolls
  10 adders
  2 white imps
  6 adder zombies (Ossuary)
  A worm (D:4)
  3 dart slugs
  17 orcs
  5 ball pythons
  3 bats
  7 endoplasms
  4 giant cockroaches
  4 gnoll zombies (Ossuary)
  12 goblins
  9 hobgoblins
  6 jackals
  A quokka (D:3)
  8 frilled lizards
  3 goblin skeletons (D:3)
  A goblin zombie (D:3)
  7 hobgoblin zombies
  6 kobolds
  11 kobold zombies
  3 orc skeletons (D:3)
  7 orc zombies (Ossuary)
  3 rats (D:1)
218 creatures vanquished.

Vanquished Creatures (others)
  A plant (D:4)
1 creature vanquished.

Grand Total: 219 creatures vanquished

Notes
Turn   | Place    | Note
-------+----------+-------------------------------------------
     0 | D:1      | siradein the Demonspawn Berserker began the quest for the
                  | Orb.
     0 | D:1      | Reached XP level 1. HP: 18/18 MP: 1/1
    44 | D:1      | Found a faded altar of an unknown god.
   439 | D:1      | Gained mutation: You have large cloven feet. [demonic
                  | ancestry]
   439 | D:1      | Reached XP level 2. HP: 11/24 MP: 2/2
   916 | D:1      | Reached skill level 3 in Long Blades
  1061 | D:1      | Reached XP level 3. HP: 23/29 MP: 3/3
  1285 | D:1      | Reached ** piety under Trog
  1990 | D:2      | Gained mutation: You have hoof-like feet. [demonic
                  | ancestry]
  1990 | D:2      | Reached XP level 4. HP: 35/35 MP: 4/4
  2733 | D:3      | Reached *** piety under Trog
  2846 | D:3      | Gained mutation: You are partially covered in rugged brown
                  | scales. (AC +1, +3% HP) [demonic ancestry]
  2846 | D:3      | Reached XP level 5. HP: 29/43 MP: 5/5
  3413 | D:4      | Noticed a water moccasin
  3431 | D:3      | Killed a water moccasin
  3432 | D:3      | Reached XP level 6. HP: 26/49 MP: 6/6
  3559 | D:4      | Reached skill level 4 in Long Blades
  4046 | D:4      | Found a staircase to the Ecumenical Temple.
  4419 | D:4      | Reached XP level 7. HP: 52/56 MP: 7/7
  4557 | D:4      | Found Unibe's Assorted Antiques.
  4612 | D:4      | Found a hide-covered altar of Uskayaw.
  4623 | D:4      | Found Ceunun's Book Boutique.
  4632 | D:4      | Found Ottacot's Assorted Antiques.
  4682 | D:4      | Found Litual's Weapon Boutique.
  4690 | D:4      | Bought a +0 vorpal great sword for 140 gold pieces
  5027 | D:5      | Entered Level 5 of the Dungeon
  5032 | D:5      | Found a sand-covered staircase.
  5042 | Ossuary  | Entered an ossuary
  5173 | Ossuary  | Reached skill level 5 in Fighting
  5247 | Ossuary  | Reached **** piety under Trog
  5351 | Ossuary  | Reached skill level 5 in Long Blades
  5351 | Ossuary  | Reached XP level 8. HP: 47/64 MP: 8/8
  6479 | D:5      | Found a stormy altar of Qazlal.
  6655 | D:6      | Reached skill level 5 in Armour
  6789 | D:6      | Reached skill level 5 in Dodging
  6798 | D:6      | Noticed Prince Ribbit
  6856 | D:6      | Killed Prince Ribbit
  6857 | D:6      | Reached skill level 6 in Long Blades
  6940 | D:6      | Noticed Pikel
  6953 | D:6      | Killed Pikel
  6954 | D:6      | Gained mutation: You regenerate a little health from kills.
                  | [demonic ancestry]
  6954 | D:6      | Reached XP level 9. HP: 73/73 MP: 9/9
  7051 | D:6      | Found a sacrificial altar of Ru.
  7067 | D:6      | Reached skill level 7 in Long Blades
  7327 | D:6      | Noticed a cyclops
  7345 | D:6      | Killed a cyclops
  8033 | D:7      | Reached skill level 1 in Invocations
  8033 | D:7      | Reached skill level 1 in Evocations
  8497 | D:7      | Found Jamina's Self-Improvement Boutique.
  8708 | D:8      | Reached skill level 8 in Long Blades
  8812 | D:8      | Gained mutation: You have hooves in place of feet. [demonic
                  | ancestry]
  8812 | D:8      | Reached XP level 10. HP: 56/76 MP: 7/11
  9778 | D:8      | Found a staircase to the Lair.
  9819 | D:8      | HP: 2/81 [killer bee (4)]
  9821 | D:8      | Succumbed to a killer bee's poison

Illustrated notes

Levels and vault maps discovered:
D:1:      dpeg_arrival_refuge, layout_basic, ebering_ecumenical_altar_ruins,
          minmay_small_reverse_x
D:2:      layout_basic, roderic_roman_lattice
D:3:      layout_loops_ring, nicolae_tso_besieged_by_evil,
          hangedman_abyss_or_decor_lesser_grid
D:4:      layout_cave_pods, mainiacjoe_overflow_tiny_flanked,
          minmay_temple_entry_arrows, serial_shops,
          nicolae_shop_overgrown_old_shop, shop_statue, kennysheep_mini_moat,
          nicolae_shop_behind_doors
D:5:      layout_rooms, general_overflow_altar, chequers_ossuary_entry_cave
D:6:      layout_basic, overflow_temple_1_default, zin_scriptorium,
          uniq_prince_ribbit1, uniq_pikel
D:7:      layout_rooms, nicolae_shop_self_help
D:8:      layout_basic, lair_entry_dummy

Skill      XL: |  1  2  3  4  5  6  7  8  9 10 |
---------------+-------------------------------+-----
Armour         | 2 3 4 5 6 |  6.4
Dodging        | 2 3 4 5 6 |  6.3
Long Blades    | 3 4 5 6 8 |  8.2
Fighting       | 4 5 6 7 |  7.3
Invocations    | 2 |  2.9
Evocations     | 1 2 |  2.1

Action                   |  1- 3 |  4- 6 |  7- 9 | 10-12 || total
-------------------------+-------+-------+-------+-------++-------
Melee: Falchion          |    93 |   154 |    11 |       ||   258
       Kick              |    18 |    52 |    76 |    11 ||   157
       Great sword       |       |       |   293 |    57 ||   350
Invok: Trog's Hand       |       |     2 |     3 |     1 ||     6
       Berserk           |       |     2 |     5 |     1 ||     8
  Use: Scroll            |     3 |     1 |     6 |       ||    10
 Stab: Sleeping          |     2 |       |       |       ||     2
Armor: Animal skin       |    12 |       |       |       ||    12
       Scale mail        |       |    60 |   153 |    38 ||   251
Dodge: Dodged            |    50 |   121 |   227 |    49 ||   447

Table legend: (Time is in decaauts)
 A = Elapsed time spent in this place.
 B = Non-inter-level travel time spent in this place.
 C = Inter-level travel time spent in this place.
 D = Time resting spent in this place.
 E = Time spent auto-exploring this place.
 F = Levels seen in this place.
 G = Mean time per level.
                   A        B        C        D        E       F      G
               +--------+--------+--------+--------+--------+-----+--------+
         Total |  10054 |   9867 |    187 |    326 |   8080 |   9 | 1117.1 |
       Dungeon |   9462 |   9275 |    187 |    326 |   7654 |   8 | 1182.8 |
       Ossuary |    592 |    592 |      0 |      0 |    426 |   1 |  592.0 |
               +--------+--------+--------+--------+--------+-----+--------+

Top non-repeatable levels by time:
     D:4: 1500 daAuts
     D:6: 1399 daAuts
     D:1: 1397 daAuts
     D:8: 1255 daAuts
     D:3: 1109 daAuts
     D:2: 1070 daAuts
     D:5: 1040 daAuts
     D:7: 688 daAuts
 Ossuary: 592 daAuts
